TOP OF THE 1ST |
Mississippi Braves batting - Pitching for Tennessee Smokies : LHP Virgílio Beyfus
|
Pitching: LHP Virgílio Beyfus
|
|
Batting: RHB Luis Restrepo
|
0-0: Called Strike 0-1: Called Strike 0-2: Foul Ball, location: 2F 0-2: Ball 1-2: SINGLE (Groundball, 56D, EV 104.4 MPH) (infield hit)
|
Batting: RHB Justin Reich
|
0-0: Swinging Strike 0-1: Called Strike Luis Restrepo is caught stealing 2nd base 2-4 0-2: Strikes out swinging
|
Batting: RHB Jose Ramos
|
0-0: Foul Ball, location: 2F 0-1: Ball 1-1: SOLO HOME RUN (Flyball, 7D, EV 101.9 MPH), Distance : 382 ft
|
Batting: RHB Yojiro Hayashi
|
0-0: Called Strike 0-1: Swinging Strike 0-2: Strikes out swinging
|
Top of the 1st over - 1 run, 2 hits, 0 errors, 0 left on base; Mississippi 1 - Tennessee 0 |
BOTTOM OF THE 1ST |
Tennessee Smokies batting - Pitching for Mississippi Braves : RHP Ryan DeMille
|
Pitching: RHP Ryan DeMille
|
|
Batting: RHB Eric Wiss
|
0-0: Ball 1-0: Ball 2-0: Ball 3-0: Base on Balls
|
Batting: RHB Sam Sours
|
0-0: Called Strike 0-1: Swinging Strike 0-2: Ball 1-2: Ball 2-2: Ball 3-2: Foul Ball, location: 2F 3-2: Strikes out looking
|
Batting: RHB Brad Santanello
|
0-0: Called Strike Eric Wiss is caught stealing 2nd base 2-4 0-1: Swinging Strike 0-2: Ball 1-2: Strikes out swinging
|
Bottom of the 1st over - 0 runs, 0 hits, 0 errors, 0 left on base; Mississippi 1 - Tennessee 0 |
TOP OF THE 2ND |
Mississippi Braves batting - Pitching for Tennessee Smokies : LHP Virgílio Beyfus
|
Batting: SHB Jose Melendez
|
0-0: Ball 1-0: Ball 2-0: Ball 3-0: Base on Balls
|
Batting: LHB Sal Fernandez
|
0-0: Foul Ball, location: 2F 0-1: Foul Ball, location: 2F 0-2: Strikes out swinging
|
Batting: SHB David Beauchamp
|
0-0: Ball 1-0: Foul Ball, location: 2F 1-1: Ball 2-1: Grounds into double play, 5-4-3 (Groundball, 56S, EV 79.4 MPH)
|
Top of the 2nd over - 0 runs, 0 hits, 0 errors, 0 left on base; Mississippi 1 - Tennessee 0 |
BOTTOM OF THE 2ND |
Tennessee Smokies batting - Pitching for Mississippi Braves : RHP Ryan DeMille
|
Batting: LHB Angel Oropeza
|
0-0: Called Strike 0-1: Ball 1-1: Ball 2-1: Called Strike 2-2: Ball 3-2: Ground out 4-3 (Groundball, 34D, EV 80.0 MPH)
|
Batting: RHB David Barnard
|
0-0: Ball 1-0: Ball 2-0: Foul Ball, location: 2F 2-1: Swinging Strike 2-2: Ball 3-2: Foul Ball, location: 2F 3-2: Strikes out swinging
|
Batting: RHB Armando Vilano
|
0-0: Called Strike 0-1: Called Strike 0-2: Ball 1-2: Strikes out swinging
|
Bottom of the 2nd over - 0 runs, 0 hits, 0 errors, 0 left on base; Mississippi 1 - Tennessee 0 |
TOP OF THE 3RD |
Mississippi Braves batting - Pitching for Tennessee Smokies : LHP Virgílio Beyfus
|
Batting: RHB Adrian Billups
|
0-0: Foul Ball, location: 2F 0-1: Ground out 6-3 (Groundball, 6, EV 100.6 MPH)
|
Batting: RHB Ingidayehu Lagat
|
0-0: Called Strike 0-1: Foul Ball, location: 2F 0-2: Ball 1-2: SINGLE (Groundball, 56D, EV 94.4 MPH)
|
Batting: RHB Luis Restrepo
|
0-0: Called Strike 0-1: Called Strike 0-2: Ball 1-2: Ball 2-2: Strikes out swinging
|
Batting: RHB Justin Reich
|
0-0: Called Strike 0-1: Foul Ball, location: 2F 0-2: Ball 1-2: Ball 2-2: Ball 3-2: SINGLE (Groundball, 6MD, EV 98.1 MPH) Ingidayehu Lagat to second Ingidayehu Lagat to third
|
Batting: RHB Jose Ramos
|
0-0: Called Strike 0-1: SINGLE (Groundball, 56, EV 98.8 MPH) Ingidayehu Lagat scores Justin Reich to second Runner from 2nd tries for 3rd, SAFE, throw by LF made to third
|
Batting: RHB Yojiro Hayashi
|
0-0: Ball 1-0: Ball 2-0: SINGLE (Line Drive, 7LS, EV 111.2 MPH) Justin Reich scores Jose Ramos to second
|
Batting: SHB Jose Melendez
|
0-0: Ball 1-0: Fly out, F7 (Flyball, 7LM, EV 86.2 MPH)
|
Top of the 3rd over - 2 runs, 4 hits, 0 errors, 2 left on base; Mississippi 3 - Tennessee 0 |
BOTTOM OF THE 3RD |
Tennessee Smokies batting - Pitching for Mississippi Braves : RHP Ryan DeMille
|
Batting: RHB Sung-hwan Jung
|
0-0: Ball 1-0: Called Strike 1-1: Ground out 5-3 (Groundball, 56S, EV 86.9 MPH)
|
Batting: RHB Jonathan Sotelo
|
0-0: Fly out, F8 (Flyball, 8RD, EV 103.1 MPH)
|
Batting: RHB Alvaro Romero
|
0-0: Ball 1-0: Called Strike 1-1: Ground out U3 (Groundball, 34S, EV 91.9 MPH)
|
Bottom of the 3rd over - 0 runs, 0 hits, 0 errors, 0 left on base; Mississippi 3 - Tennessee 0 |
TOP OF THE 4TH |
Mississippi Braves batting - Pitching for Tennessee Smokies : LHP Virgílio Beyfus
|
Batting: LHB Sal Fernandez
|
0-0: Ball 1-0: Called Strike 1-1: Foul Ball, location: 2F 1-2: Strikes out swinging
|
Batting: SHB David Beauchamp
|
0-0: Ball 1-0: DOUBLE (Line Drive, 78XD, EV 105.6 MPH)
|
Batting: RHB Adrian Billups
|
0-0: Foul Ball, location: 2F 0-1: DOUBLE (Groundball, 5L, EV 101.2 MPH) David Beauchamp scores
|
Batting: RHB Ingidayehu Lagat
|
0-0: Ball 1-0: Ball 2-0: Foul Ball, location: 2F 2-1: Ground out 1-3 (Groundball, 34S, EV 65.0 MPH) Adrian Billups to third
|
Batting: RHB Luis Restrepo
|
0-0: Ball 1-0: Swinging Strike 1-1: Ground out 5-3 (Groundball, 56, EV 104.4 MPH)
|
Top of the 4th over - 1 run, 2 hits, 0 errors, 1 left on base; Mississippi 4 - Tennessee 0 |
BOTTOM OF THE 4TH |
Tennessee Smokies batting - Pitching for Mississippi Braves : RHP Ryan DeMille
|
Batting: RHB Eric Wiss
|
0-0: Foul Ball, location: 2F 0-1: Ball 1-1: Ball 2-1: Foul Ball, location: 2F 2-2: Foul Ball, location: 2F 2-2: Ball 3-2: Base on Balls
|
Batting: RHB Sam Sours
|
0-0: Ball 1-0: Ball 2-0: Called Strike 2-1: Ball 3-1: SINGLE (Groundball, 6MD, EV 96.9 MPH) Eric Wiss to second
|
Batting: RHB Brad Santanello
|
0-0: Foul Ball, location: 2F 0-1: Ball 1-1: Foul Ball, location: 2F 1-2: Ball 2-2: Grounds into double play, 6-4-3 (Groundball, 6, EV 81.2 MPH) Eric Wiss to third
|
Batting: LHB Angel Oropeza
|
0-0: SINGLE (Line Drive, 34D, EV 98.1 MPH) Eric Wiss scores
|
Batting: RHB David Barnard
|
0-0: Ball 1-0: Fly out, F9 (Flyball, 9D, EV 101.2 MPH)
|
Bottom of the 4th over - 1 run, 2 hits, 0 errors, 1 left on base; Mississippi 4 - Tennessee 1 |
TOP OF THE 5TH |
Mississippi Braves batting - Pitching for Tennessee Smokies : LHP Virgílio Beyfus
|
Batting: RHB Justin Reich
|
0-0: Ball 1-0: Called Strike 1-1: DOUBLE (Groundball, 5L, EV 97.5 MPH)
|
Batting: RHB Jose Ramos
|
0-0: Ball 1-0: Swinging Strike 1-1: Foul Ball, location: 2F 1-2: Strikes out swinging, 2-3 out at first.
|
Batting: RHB Yojiro Hayashi
|
0-0: Fly out, F7 (Flyball, 7D, EV 83.1 MPH)
|
Batting: SHB Jose Melendez
|
0-0: Ground out U3 (Groundball, 3L, EV 82.5 MPH)
|
Top of the 5th over - 0 runs, 1 hit, 0 errors, 1 left on base; Mississippi 4 - Tennessee 1 |
BOTTOM OF THE 5TH |
Tennessee Smokies batting - Pitching for Mississippi Braves : RHP Ryan DeMille
|
Batting: RHB Armando Vilano
|
0-0: Ground out 6-3 (Groundball, 6, EV 79.4 MPH)
|
Batting: RHB Sung-hwan Jung
|
0-0: Ball 1-0: Ground out 5-3 (Groundball, 56, EV 109.4 MPH)
|
Batting: RHB Jonathan Sotelo
|
0-0: Ball 1-0: Foul Ball, location: 2F 1-1: Ground out U3 (Groundball, 3L, EV 107.5 MPH)
|
Bottom of the 5th over - 0 runs, 0 hits, 0 errors, 0 left on base; Mississippi 4 - Tennessee 1 |
TOP OF THE 6TH |
Mississippi Braves batting - Pitching for Tennessee Smokies : LHP Virgílio Beyfus
|
Batting: LHB Sal Fernandez
|
0-0: Ball 1-0: Ball 2-0: Called Strike 2-1: Foul Ball, location: 2F 2-2: Ball 3-2: Foul Ball, location: 2F 3-2: Base on Balls
|
Batting: SHB David Beauchamp
|
0-0: Swinging Strike 0-1: Ball 1-1: Swinging Strike 1-2: Strikes out swinging Sal Fernandez is caught stealing 2nd base 2-4 Batter strikes out.
|
Batting: RHB Adrian Billups
|
0-0: Ball 1-0: Fly out, F8 (Flyball, 78M, EV 89.4 MPH)
|
Top of the 6th over - 0 runs, 0 hits, 0 errors, 0 left on base; Mississippi 4 - Tennessee 1 |
BOTTOM OF THE 6TH |
Tennessee Smokies batting - Pitching for Mississippi Braves : RHP Ryan DeMille
|
Batting: RHB Alvaro Romero
|
0-0: Ball 1-0: Called Strike 1-1: Called Strike 1-2: Ground out 5-3 (Groundball, 56, EV 99.4 MPH)
|
Batting: RHB Eric Wiss
|
0-0: Swinging Strike 0-1: Foul Ball, location: 2F 0-2: Foul Ball, location: 2F 0-2: Ball 1-2: Foul Ball, location: 2F 1-2: Ball 2-2: Ground out 3-1 (Groundball, 34D, EV 83.1 MPH)
|
Batting: RHB Sam Sours
|
0-0: Called Strike 0-1: Ground out 5-3 (Groundball, 5, EV 87.5 MPH)
|
Bottom of the 6th over - 0 runs, 0 hits, 0 errors, 0 left on base; Mississippi 4 - Tennessee 1 |
TOP OF THE 7TH |
Mississippi Braves batting - Pitching for Tennessee Smokies : LHP Virgílio Beyfus
|
Batting: RHB Ingidayehu Lagat
|
0-0: Ground out 5-3 (Groundball, 56S, EV 81.2 MPH)
|
Batting: RHB Luis Restrepo
|
0-0: Ball 1-0: SOLO HOME RUN (Line Drive, 7D, EV 105.0 MPH), Distance : 396 ft
|
Pitching: RHP Karl Stuart
|
|
Batting: RHB Justin Reich
|
0-0: Called Strike 0-1: Ball 1-1: Ball 2-1: Ball 3-1: Called Strike 3-2: SINGLE (Flyball, 89S, EV 91.2 MPH)
|
Batting: RHB Jose Ramos
|
0-0: SINGLE (Groundball, 6MD, EV 105.6 MPH) Justin Reich to second
|
Batting: RHB Yojiro Hayashi
|
0-0: Called Strike 0-1: Ball 1-1: Called Strike 1-2: Strikes out swinging
|
Batting: SHB Jose Melendez
|
0-0: Ball 1-0: Ball 2-0: Fly out, F4 (Line Drive, 34D, EV 67.5 MPH)
|
Top of the 7th over - 1 run, 3 hits, 0 errors, 2 left on base; Mississippi 5 - Tennessee 1 |
BOTTOM OF THE 7TH |
Tennessee Smokies batting - Pitching for Mississippi Braves : RHP Ryan DeMille
|
Now at 1B: Hieronim Rutkowski
|
|
Batting: RHB Brad Santanello
|
0-0: Ball 1-0: Foul Ball, location: 2F 1-1: Foul Ball, location: 2F 1-2: Strikes out swinging
|
Batting: LHB Angel Oropeza
|
0-0: Swinging Strike 0-1: Ball 1-1: Reached on error, E7 (Flyball, 78M, EV 95.0 MPH)
|
Batting: RHB David Barnard
|
0-0: Ball 1-0: Ball 2-0: Ball 3-0: Base on Balls Angel Oropeza to second
|
Batting: RHB Armando Vilano
|
0-0: Called Strike 0-1: Swinging Strike 0-2: Grounds into double play, 6-4-3 (Groundball, 6, EV 82.5 MPH)
|
Bottom of the 7th over - 0 runs, 0 hits, 1 error, 1 left on base; Mississippi 5 - Tennessee 1 |
TOP OF THE 8TH |
Mississippi Braves batting - Pitching for Tennessee Smokies : RHP Karl Stuart
|
Pitching: RHP Nikita Eliseenko
|
|
Batting: LHB Sal Fernandez
|
0-0: Ball 1-0: Called Strike 1-1: Ball 2-1: Ball 3-1: Called Strike 3-2: Foul Ball, location: 2F 3-2: Base on Balls
|
Batting: SHB David Beauchamp
|
0-0: Bunted foul 0-1: Ball 1-1: Sac Bunt to 3S - play at first, batter OUT! 3-4 Sal Fernandez to second
|
Batting: RHB Adrian Billups
|
0-0: Swinging Strike 0-1: Ball 1-1: Ball 2-1: Foul Ball, location: 2F 2-2: Ball 3-2: Foul Ball, location: 2F 3-2: Foul Ball, location: 2F 3-2: Ground out 5-3 (Groundball, 5S, EV 77.5 MPH)
|
Batting: RHB Ingidayehu Lagat
|
0-0: Ball 1-0: Ground out 3-1 (Groundball, 34S, EV 74.4 MPH)
|
Top of the 8th over - 0 runs, 0 hits, 0 errors, 1 left on base; Mississippi 5 - Tennessee 1 |
BOTTOM OF THE 8TH |
Tennessee Smokies batting - Pitching for Mississippi Braves : RHP Ryan DeMille
|
Pitching: LHP Fred Kelly
|
|
Batting: RHB Sung-hwan Jung
|
0-0: Ball 1-0: Ball 2-0: Ground out 5-3 (Groundball, 56S, EV 88.1 MPH)
|
Batting: RHB Jonathan Sotelo
|
0-0: Ball 1-0: Ground out U3 (Groundball, 34, EV 102.5 MPH)
|
Batting: RHB Alvaro Romero
|
0-0: Ball 1-0: Ball 2-0: Ball 3-0: Called Strike 3-1: Ground out 6-3 (Groundball, 6M, EV 103.1 MPH)
|
Bottom of the 8th over - 0 runs, 0 hits, 0 errors, 0 left on base; Mississippi 5 - Tennessee 1 |
TOP OF THE 9TH |
Mississippi Braves batting - Pitching for Tennessee Smokies : RHP Nikita Eliseenko
|
Batting: RHB Hieronim Rutkowski
|
0-0: Ball 1-0: Ball 2-0: Called Strike 2-1: Called Strike 2-2: Strikes out looking
|
Batting: RHB Justin Reich
|
0-0: Ball 1-0: Foul Ball, location: 2F 1-1: Ball 2-1: Fly out, F6 (Line Drive, 6, EV 62.5 MPH)
|
Batting: RHB Jose Ramos
|
0-0: Ball 1-0: Fly out, F9 (Flyball, 89S, EV 80.6 MPH)
|
Top of the 9th over - 0 runs, 0 hits, 0 errors, 0 left on base; Mississippi 5 - Tennessee 1 |
BOTTOM OF THE 9TH |
Tennessee Smokies batting - Pitching for Mississippi Braves : LHP Fred Kelly
|
Batting: RHB Eric Wiss
|
0-0: Ball 1-0: Ball 2-0: Called Strike 2-1: Ball 3-1: Swinging Strike 3-2: Foul Ball, location: 2F 3-2: Foul Ball, location: 2F 3-2: Foul Ball, location: 2F 3-2: Ground out 6-3 (Groundball, 6, EV 80.6 MPH)
|
Batting: RHB Sam Sours
|
0-0: Called Strike 0-1: Ball 1-1: Swinging Strike 1-2: Ball 2-2: Foul Ball, location: 2F 2-2: Ball 3-2: TRIPLE (Flyball, 9LD, EV 95.6 MPH)
|
Batting: RHB Brad Santanello
|
0-0: Called Strike 0-1: Ball 1-1: SINGLE (Groundball, 6MD, EV 97.5 MPH) Sam Sours scores
|
Pitching: RHP Omar Orosco
|
|
Batting: LHB Angel Oropeza
|
0-0: Ball 1-0: Foul Ball, location: 2F 1-1: Called Strike 1-2: Foul Ball, location: 2F 1-2: Strikes out swinging
|
Batting: RHB David Barnard
|
0-0: Called Strike 0-1: Called Strike Pickoff Throw by Catcher to First - Out!
|
Bottom of the 9th over - 1 run, 2 hits, 0 errors, 0 left on base; Mississippi 5 - Tennessee 2 |
|